 Dungeon Crawl Stone Soup version 0.20-a0-537-g052e6ba (webtiles) character file.

27439 unrecovered the Grappler (level 13, -1/107 (108) HPs)
             Began as a Green Draconian Transmuter on Jan 28, 2017.
             Was a High Priest of Okawaru.
             Slain by an eight-headed hydra (2 damage)
             ... on level 4 of the Lair of Beasts.
             The game lasted 01:07:45 (19085 turns).

unrecovered the Grappler (DrTm)                    Turns: 19085, Time: 01:07:46

HP:   -1/107 (108)  AC: 12    Str: 19    XL:     13   Next: 4%
MP:   23/26         EV:  2    Int: 17    God:    Okawaru [*****.]
Gold: 820           SH:  0    Dex: 13    Spells: 15/30 levels left

rFire    . . .     SeeInvis .     - Unarmed
rCold    + + +     Gourm    .   (armour unavailable)
rNeg     + + +     Faith    .   (shield currently unavailable)
rPois    ∞         Spirit   .   N - +2 hat {Int+3}
rElec    +         Reflect  .   l - +0 cloak
rCorr    .         Harm     .   (gloves currently unavailable)
MR       .....                  w - +0 pair of boots of Onawn {rElec rC+}
Stlth    +.........             (no amulet)
Regen    0.3/turn               H - ring of protection from cold (curse)
                                X - +3 ring of strength

@: blade hands, petrified
A: breathe noxious fumes, unfitting armour, cold resistance 1, poison
resistance, cold-blooded, AC +8
a: Breathe Noxious Fumes, End Transformation, Heroism, Finesse, Renounce
Religion


You were on level 4 of the Lair of Beasts.
You worshipped Okawaru.
Okawaru was extremely pleased with you.
You were not hungry.
You had blades for hands.
You visited 2 branches of the dungeon, and saw 15 of its levels.
You also visited: Labyrinth.

You collected 820 gold pieces.

Inventory:

Missiles
 a - 187 arrows
 i - a throwing net (quivered)
Armour
 l - a +0 cloak (worn)
 w - the +0 pair of boots of Onawn (worn) {rElec rC+}
   (Okawaru gifted it to you on level 3 of the Lair of Beasts)

   It protects you from cold.
   It insulates you from electricity.
 E - a +1 pair of gloves (melded)
 N - a +2 hat of intelligence (worn)
 V - a +1 buckler of protection (melded)
Magical Staves
 y - an uncursed staff of energy {unknown}
Jewellery
 h - an uncursed ring of ice
 k - an uncursed ring of magical power
 H - a cursed ring of protection from cold (right scythe-like blade)
 T - an uncursed ring of resist corrosion
 X - a +3 ring of strength (left scythe-like blade)
Wands
 x - a wand of disintegration (13/24)
 D - a wand of digging (8/24)
 I - a wand of scattershot (4/9)
 M - a wand of digging (14/24)
 U - a wand of acid (7/15)
Scrolls
 g - 7 scrolls of teleportation
 j - 3 scrolls of fear
 m - 3 scrolls of amnesia
 n - 3 scrolls of fog
 o - 3 scrolls of enchant weapon
 q - 7 scrolls of remove curse
 s - 5 scrolls of recharging
 J - a scroll of acquirement {unknown}
 L - a scroll of enchant armour {unknown}
 P - 2 scrolls of vulnerability {unknown}
 R - a scroll of noise {unknown}
 S - a scroll of random uselessness {unknown}
Potions
 e - 3 potions of ambrosia
 r - a potion of haste
 t - 2 potions of resistance
 v - a potion of invisibility {unknown}
 z - a potion of beneficial mutation {unknown}
 A - a potion of berserk rage {unknown}
 B - 2 potions of cancellation
 F - a potion of agility {unknown}
 G - 4 potions of curing
 W - 2 potions of heal wounds
 Y - a potion of lignification {unknown}
Books
 d - a book of the Earth

   Spells                             Type                      Level
   a - Leda's Liquefaction            Hexes/Earth                  4
   b - Bolt of Magma                  Conjuration/Fire/Earth       5
   c - Statue Form                    Transmutation/Earth          6
   d - Iron Shot                      Conjuration/Earth            6
   e - Shatter                        Earth                        9
 u - a Fen Folio

   Spells                             Type                      Level
   a - Corpse Rot                     Necromancy                   2
   b - Stone Arrow                    Conjuration/Earth            3
   c - Leda's Liquefaction            Hexes/Earth                  4
   d - Summon Forest                  Summoning/Translocation      5
   e - Hydra Form                     Transmutation                6
   f - Summon Hydra                   Summoning                    7
 O - a book of Debilitation

   Spells                             Type                      Level
   a - Corona                         Hexes                        1
   b - Slow                           Hexes                        2
   c - Gell's Gravitas                Hexes/Translocation          3
   d - Inner Flame                    Hexes/Fire                   3
   e - Cause Fear                     Hexes                        4
   f - Leda's Liquefaction            Hexes/Earth                  4
Miscellaneous
 C - a phial of floods
Comestibles
 b - 5 fruits
 c - 10 bread rations
 f - 16 royal jellies
 p - 6 meat rations
 K - 4 chunks of flesh


   Skills:
 + Level 8.6 Fighting
 + Level 8.0 Dodging
 + Level 12.5 Unarmed Combat
 - Level 9.0 Spellcasting
 - Level 10.2 Transmutations
 + Level 5.7 Invocations


You had 15 spell levels left.
You knew the following spells:

 Your Spells              Type           Power        Failure   Level  Hunger
a - Beastly Appendage     Tmut           #####.       10%         1    None
b - Sticks to Snakes      Tmut           #####...     10%         2    None
c - Spider Form           Tmut/Pois      ####......   32%         3    None
d - Blade Hands           Tmut           #####.....   36%         5    #####..
e - Ice Form              Ice/Tmut       ####....     54%         4    ###....


Dungeon Overview and Level Annotations

Branches:
Dungeon (11/15)            Temple (0/1) D:7            Lair (4/6) D:11
  Snake (0/4) Lair:2          Orc (0/2) D:11
  Swamp: Lair:2-4    Shoals: Lair:2-4

Altars:
Dithmenos
Okawaru
Qazlal
Sif Muna
Vehumet
Beogh

Shops:
D:5 %

Annotations:
D:5 CanOfBees's ghost, novice CeHu


Innate Abilities, Weirdness & Mutations

You can breathe blasts of noxious fumes.
Your lurid green scales are hard. (AC +8)
You cannot fit into any form of body armour.
Your system is resistant to poisons. (rPois)
You are cold-blooded and may be slowed by cold attacks.
Your flesh is cold resistant. (rC+)


Message History

* * * LOW HITPOINT WARNING * * *
The eight-headed hydra bites you but does no damage.
The eight-headed hydra completely misses you.
The eight-headed hydra bites you.
* * * LOW HITPOINT WARNING * * *
The eight-headed hydra bites you but does no damage.
The eight-headed hydra bites you!
* * * LOW HITPOINT WARNING * * *
The eight-headed hydra bites you but does no damage.
The eight-headed hydra bites you.
The eight-headed hydra completely misses you.
The eight-headed hydra bites you but does no damage.
The eight-headed hydra barely misses you.
The eight-headed hydra bites you!
* * * LOW HITPOINT WARNING * * *
The eight-headed hydra bites you!
* * * LOW HITPOINT WARNING * * *
The eight-headed hydra bites you but does no damage.
The eight-headed hydra bites you.
You die...

## ##
##..##.
<......##
......D@#
.......P#
........#
.......##
.......
.......
.......
.......


You could see an eight-headed hydra.

Vanquished Creatures
  Gastronok (Lair:1)
  Snorg (D:10)
  A minotaur (Lab)
  A hydra (Lair:3)
  An ice dragon (D:9)
  3 two-headed ogres
  7 elephants
  A gargoyle (D:9)
  7 spiny frogs
  A rime drake (Lair:3)
  3 komodo dragons
  A queen bee (Lair:2)
  A hornet (D:7)
  8 hippogriffs
  3 wyverns
  A human (D:7)
  4 hogs (D:7)
  2 basilisks (Lair:4)
  A hungry ghost (D:11)
  21 yaks
  A steam dragon (D:8)
  13 water moccasins
  4 porcupines
  3 orc warriors
  2 sky beasts
  A black bear (D:8)
  2 phantoms
  2 necrophages
  The ghost of DrBadExample the Chopper, an amateur DsFi of Uskayaw (D:3)
  10 ogres
  9 crocodiles
  3 centaurs
  2 big kobolds
  19 bullfrogs
  A water moccasin zombie (D:6)
  A wyvern zombie (D:10)
  A scorpion (D:4)
  24 killer bees (Lair:2)
  An electric eel (D:9)
  6 wights
  4 howler monkeys
  2 bullfrog zombies
  A centaur zombie (D:9)
  2 crimson imps
  A quasit (D:6)
  2 jellies
  8 orc priests
  5 hounds
  Crazy Yiuf (D:7)
  A bullfrog skeleton (D:6)
  12 orc wizards
  A centaur skeleton (D:7)
  4 iguanas
  5 worker ants
  2 hell rats (Lair:4)
  A howler monkey zombie (D:6)
  A worker ant zombie (D:9)
  3 gnolls (D:5)
  15 adders
  3 river rats (Lair:4)
  A shadow imp (D:9)
  2 oozes
  2 adder zombies
  4 worms
  3 dart slugs
  4 leopard geckos
  39 orcs
  3 ball pythons
  4 bats
  A giant cockroach (D:2)
  6 goblins
  6 hobgoblins
  8 jackals
  6 quokkas
  9 frilled lizards
  A jackal skeleton (D:5)
  15 kobolds
  A leopard gecko skeleton (D:4)
  A quokka zombie (D:6)
  8 rats
  A fungus (D:7)
  A toadstool (D:1)
375 creatures vanquished.

Vanquished Creatures (collateral kills)
  A dart slug (D:1)
1 creature vanquished.

Vanquished Creatures (others)
  An adder (D:7)
  9 fungi
  6 plants (Lair:2)
  3 toadstools (D:1)
19 creatures vanquished.

Grand Total: 395 creatures vanquished

Notes
Turn   | Place    | Note
-------+----------+-------------------------------------------
     0 | D:1      | unrecovered the Draconian Transmuter began the quest for the Orb.
     0 | D:1      | Reached XP level 1. HP: 16/16 MP: 3/3
   341 | D:1      | Reached XP level 2. HP: 14/23 MP: 5/5
   758 | D:1      | Learned a level 2 spell: Sticks to Snakes
  1104 | D:1      | Reached XP level 3. HP: 16/28 MP: 7/7
  1957 | D:2      | Reached XP level 4. HP: 35/35 MP: 8/8
  2328 | D:3      | Noticed DrBadExample's ghost (amateur DsFi)
  3196 | D:4      | Reached XP level 5. HP: 33/40 MP: 7/10
  3219 | D:4      | Found a stormy altar of Qazlal.
  3285 | D:3      | HP: 2/40 [DrBadExample's ghost (12)]
  3669 | D:3      | Learned a level 3 spell: Spider Form
  3683 | D:4      | Reached skill level 4 in Unarmed Combat
  3721 | D:4      | Noticed an ogre
  4182 | D:4      | Reached XP level 6. HP: 41/47 MP: 5/11
  4589 | D:4      | Reached skill level 5 in Unarmed Combat
  4621 | D:4      | Your scales start taking on a lurid green colour.
  4621 | D:4      | Reached XP level 7. HP: 34/52 MP: 10/13
  4621 | D:4      | Gained mutation: Your system is resistant to poisons. (rPois) [Green Draconian growth]
  4780 | D:4      | Reached skill level 5 in Transmutations
  5168 | D:4      | Gained mutation: Your flesh is cold resistant. (rC+) [potion of mutation]
  5168 | D:4      | Gained mutation: You expend magic power (3 MP) to strengthen your wands. [potion of mutation]
  5168 | D:4      | Lost mutation: You expend magic power (3 MP) to strengthen your wands. [potion of mutation]
  5196 | D:5      | Entered Level 5 of the Dungeon
  5219 | D:5      | Reached skill level 5 in Spellcasting
  5454 | D:5      | Got a steaming dagger
  5455 | D:5      | Identified the +6 dagger of Sunlight {freeze, +Blink rN+ Str+2 Int-4} (You found it on level 5 of the Dungeon)
  5599 | D:5      | Found Hoocurip's Food Emporium.
  5637 | D:5      | Reached skill level 6 in Unarmed Combat
  5637 | D:5      | Reached XP level 8. HP: 44/59 MP: 15/15
  6024 | D:5      | Noticed CanOfBees's ghost (novice CeHu)
  6449 | D:4      | Learned a level 5 spell: Blade Hands
  6454 | D:4      | Learned a level 4 spell: Ice Form
  6646 | D:3      | Killed DrBadExample's ghost
  8108 | D:7      | Noticed a hornet
  8125 | D:7      | Reached skill level 7 in Unarmed Combat
  8170 | D:7      | Killed a hornet
  8575 | D:7      | Reached XP level 9. HP: 41/64 MP: 16/19
  8964 | D:7      | Found an iron altar of Okawaru.
  8985 | D:7      | Reached skill level 8 in Unarmed Combat
  8993 | D:7      | Found a radiant altar of Vehumet.
  9175 | D:7      | Became a worshipper of Warmaster Okawaru
  9530 | D:7      | Found a staircase to the Ecumenical Temple.
  9653 | D:7      | Found a runed door.
  9659 | D:7      | Noticed Crazy Yiuf
  9662 | D:7      | Killed Crazy Yiuf
  9955 | D:8      | Reached * piety under Okawaru
 10516 | D:8      | Noticed a two-headed ogre
 10524 | D:8      | Killed a two-headed ogre
 10524 | D:8      | Reached ** piety under Okawaru
 10524 | D:8      | Reached XP level 10. HP: 39/71 MP: 15/22
 10826 | D:8      | Found a deep blue altar of Sif Muna.
 10966 | D:8      | Reached skill level 9 in Unarmed Combat
 11574 | D:9      | Found a shadowy altar of Dithmenos.
 11783 | D:9      | Noticed an ice dragon
 12188 | D:9      | Noticed a gargoyle
 12201 | D:9      | Killed a gargoyle
 12201 | D:9      | Reached *** piety under Okawaru
 12491 | D:9      | Killed an ice dragon
 12829 | D:10     | Entered Level 10 of the Dungeon
 12891 | D:10     | Noticed Snorg
 12897 | D:10     | Noticed a two-headed ogre
 12900 | D:10     | Killed Snorg
 12900 | D:10     | Reached skill level 10 in Unarmed Combat
 12900 | D:10     | Reached skill level 10 in Transmutations
 12905 | D:10     | Killed a two-headed ogre
 12905 | D:10     | Reached **** piety under Okawaru
 12905 | D:10     | Reached XP level 11. HP: 15/77 MP: 15/24
 13968 | D:11     | Found a staircase to the Orcish Mines.
 13970 | D:11     | Found a staircase to the Lair.
 14104 | D:11     | Found a roughly hewn altar of Beogh.
 14221 | D:11     | Noticed a two-headed ogre
 14227 | D:11     | Killed a two-headed ogre
 14304 | D:11     | Reached ***** piety under Okawaru
 14841 | Lair:1   | Entered Level 1 of the Lair of Beasts
 14853 | Lair:1   | Noticed Gastronok
 14868 | Lair:1   | Killed Gastronok
 14868 | Lair:1   | Received a gift from Okawaru
 14868 | Lair:1   | Reached skill level 5 in Dodging
 14868 | Lair:1   | Reached skill level 11 in Unarmed Combat
 14933 | Lair:1   | Reached skill level 5 in Fighting
 15563 | Lair:2   | Found a staircase to the Snake Pit.
 15574 | Lair:2   | Reached skill level 1 in Invocations
 15597 | Lair:2   | Reached XP level 12. HP: 55/95 MP: 21/25
 15805 | Lair:2   | Received a gift from Okawaru
 17313 | Lair:3   | Reached skill level 12 in Unarmed Combat
 17356 | Lair:3   | Found a labyrinth entrance.
 17551 | Lab      | Entered a labyrinth
 17638 | Lab      | Noticed a minotaur
 17649 | Lab      | Killed a minotaur
 17736 | Lair:3   | Noticed an eight-headed hydra
 17743 | Lair:3   | Killed an eight-headed hydra
 17809 | Lair:3   | Received a gift from Okawaru
 17818 | Lair:3   | Reached skill level 5 in Invocations
 17820 | Lair:3   | Got a pair of transparent boots {god gift}
 17826 | Lair:3   | Identified the +0 pair of boots of Onawn {rElec rC+} (Okawaru gifted it to you on level 3 of the Lair of Beasts)
 18984 | Lair:4   | Noticed an eight-headed hydra
 18987 | Lair:4   | Noticed a five-headed hydra
 19043 | Lair:4   | Reached XP level 13. HP: 107/107 MP: 20/26
 19085 | Lair:4   | HP: 1/107 [eight-headed hydra (5)]
 19085 | Lair:4   | Slain by an eight-headed hydra

Vault maps used:
D:1:      ldierk_water_garden, minmay_fountain_box, columned_hall_lemuel
D:2:      first_bread
D:4:      lemuel_doored_altar
D:5:      serial_shops, shop
D:6:      kennysheep_crisscross
D:7:      lemuel_crystal_altar, overflow_temple_1_default,
          lemuel_temple_firewalk_b, grunt_livestock, minmay_curled_crystal,
          uniq_crazy_yiuf_cottage
D:8:      kennysheep_orc_sif_temple
D:9:      dragon1_lemuel, minmay_misc_feat_plants,
          grunt_dithmenos_smoke_and_mirrors
D:10:     uniq_snorg
D:11:     lair_entry_dummy, orc_0_dummy, david_defended_altar_orc
Lair:1:   uniq_gastronok
Lair:2:   minmay_snake_entry_six_corridors
Lair:3:   lab_entry_generic, beast_lair_carwin_10, serial_bayou_shore_b
Lair:4:   minmay_shoals_entry_lonely_mermaid, special_room,
          kennysheep_abandoned_house
Lab:      labyrinth_glass_1, labyrinth_skeletal_remains, nicolae_lab_blocks

Skill      XL: |  1  2  3  4  5  6  7  8  9 10 11 12 13 |
---------------+----------------------------------------+-----
Transmutations | 3 4 5 7 8 10 | 10.2
Spellcasting   | 3 4 5 6 8 9 |  9.0
Unarmed Combat | 4 5 6 7 8 10 11 12 | 12.5
Dodging        | 3 6 7 8 |  8.0
Fighting       | 6 8 |  8.6
Invocations    | 1 5 |  5.7

Action                   |  1- 3 |  4- 6 |  7- 9 | 10-12 | 13-15 || total
-------------------------+-------+-------+-------+-------+-------++-------
Melee: Unarmed           |   171 |   216 |   454 |   728 |    15 ||  1584
       Tailslap          |    17 |    16 |    48 |    70 |       ||   151
       Kick              |    11 |    11 |    29 |    10 |       ||    61
       Headbutt          |     2 |     7 |    20 |     9 |       ||    38
       Punch             |       |     1 |     5 |    30 |       ||    36
Throw: Javelin           |       |     3 |       |       |       ||     3
 Cast: Beastly Appendage |    10 |    15 |    23 |    10 |       ||    58
       Sticks to Snakes  |     2 |     7 |     3 |     2 |       ||    14
       Spider Form       |       |     9 |     8 |     1 |       ||    18
       Blade Hands       |       |       |     6 |    49 |     1 ||    56
       Ice Form          |       |       |       |     8 |       ||     8
Invok: Heroism           |       |       |       |     8 |       ||     8
       Finesse           |       |       |       |     2 |       ||     2
 Abil: Breathe Noxious F |       |       |    10 |     8 |       ||    18
Evoke: Wand              |       |       |       |     1 |       ||     1
  Use: Scroll            |       |     9 |     8 |     5 |     1 ||    23
       Potion            |       |     2 |     2 |     4 |       ||     8
 Stab: Sleeping          |       |     1 |     4 |     7 |       ||    12
       Confused          |       |       |     7 |     5 |       ||    12
  Eat: Chunk             |     4 |     9 |    14 |    34 |       ||    61
       Fruit             |       |     1 |     7 |     1 |       ||     9
       Bread ration      |       |       |     1 |       |       ||     1
       Royal jelly       |       |       |       |     3 |       ||     3
       Meat ration       |       |       |       |     1 |       ||     1
Armor: Skin              |    48 |    37 |   106 |   198 |    19 ||   408
Dodge: Dodged            |    95 |   126 |   277 |   465 |    14 ||   977
Block: Buckler           |       |       |       |    20 |       ||    20
